 Dungeon Crawl Stone Soup version 0.32-a0-612-g1c984fe (webtiles) character file.

Game seed: 8796958634936936398

2383260 sdynet the Axe Maniac (level 27, 258/258 HPs)
             Began as a Mountain Dwarf Fighter on Mar 4, 2024.
             Was a Follower of Uskayaw.
             Escaped with the Orb
             ... and 3 runes
             ... and 4 gems!
             The game lasted 03:07:50 (51500 turns).

sdynet the Axe Maniac (Mountain Dwarf Fighter)     Turns: 51500, Time: 03:07:50

Health: 258/258    AC: 51    Str: 29    XL:     27
Magic:  14/14      EV: 16    Int: 12    God:    Uskayaw [*.....]
Gold:   4365       SH:  0    Dex: 12    Spells: 27/38 levels left

rFire   + + +        b - +9 executioner's axe (antimagic)
rCold   + . .        (shield currently unavailable)
rNeg    + + +        W - +2 crystal plate armour of the Devil's Team {rF+++ Will+ Int-3}
rPois   +            T - +2 helmet of Dishonour {rElec SInv}
rElec   +            f - +1 cloak of Starlight {*Dazzle EV+4 Stlth--}
rCorr   +            e - +2 pair of gloves {Str+3}
SInv    +            V - +2 pair of boots "Kuklop" {rN++ Regen+ MP+9 Str-5}
Will    +++++        K - amulet of faith Stlth
                     G - ring of Descent {Will+ rCorr Dex+3}
HPRegen 1.43/turn    A - ring of the Sheltering Madman {rC+ rN+ AC+4 Str+3 Int+3}
MPRegen 0.14/turn

%: faith
@: studying 3 skills
A: runic magic, artefact enchanting, low MP 1, strong-willed 1, poison
resistance, weak 1, inability to read after injury 1
0: Orb of Zot
}: 3/15 runes: serpentine, barnacled, silver
a: Renounce Religion, Stomp


You escaped.
You worshipped Uskayaw.
Uskayaw was greatly pleased with you.
You visited 10 branches of the dungeon, and saw 48 of its levels.
You visited 1 bazaar.
You also visited: Gauntlet, Ice Cave and Volcano.

You collected 6281 gold pieces.
You spent 1916 gold pieces at shops.

Inventory:

Hand Weapons
 a - a +8 vampiric broad axe
 b - a +9 antimagic executioner's axe (weapon)
Missiles
 s - 45 javelins
 L - 6 throwing nets
 Y - 10 silver javelins
 Z - 27 poisoned darts
Armour
 e - a +2 pair of gloves of strength (worn)
 f - the +1 cloak of Starlight (worn) {*Dazzle EV+4 Stlth--}
   (You acquired it on level 4 of the Dungeon)

   *Dazzle:   It may blind those who miss an attack against the wearer in melee
   combat.
   EV+4:      It affects your evasion (+4).
   Stlth--:   It makes you much less stealthy.
 T - the +2 helmet of Dishonour (worn) {rElec SInv}
   (You found it in a Gauntlet)

   rElec:     It insulates you from electricity.
   SInv:      It lets you see invisible.
 V - the +2 pair of boots "Kuklop" (worn) {rN++ Regen+ MP+9 Str-5}
   (You found it in a Gauntlet)

   Str-5:     It affects your strength (-5).
   rN++:      It greatly protects you from negative energy.
   MP+9:      It affects your magic capacity (+9).
   Regen+:    It increases your rate of health regeneration.
 W - the +2 crystal plate armour of the Devil's Team (worn) {rF+++ Will+ Int-3}
   (You found it on level 3 of the Elven Halls)

   Int-3:     It affects your intelligence (-3).
   rF+++:     It renders you almost immune to fire.
   Will+:     It increases your willpower.
Jewellery
 A - the ring of the Sheltering Madman (right hand) {rC+ rN+ AC+4 Str+3 Int+3}
   (You found it on level 2 of the Realm of Zot)

   [ring of protection]

   AC+4:      It affects your AC (+4).
   Str+3:     It affects your strength (+3).
   Int+3:     It affects your intelligence (+3).
   rC+:       It protects you from cold.
   rN+:       It protects you from negative energy.
 G - the ring of Descent (left hand) {Will+ rCorr Dex+3}
   (You found it on level 3 of the Shoals)

   [ring of willpower]

   Dex+3:     It affects your dexterity (+3).
   Will+:     It increases your willpower.
   rCorr:     It protects you from acid and corrosion.
 K - an amulet of faith (around neck)
Wands
 o - a wand of acid (30)
 p - a wand of warping (37)
 R - a wand of digging (10)
Scrolls
 c - 6 scrolls of fog {!r}
 g - 4 scrolls of revelation {!r}
 m - 5 scrolls of silence {!r}
 r - 2 scrolls of poison
 u - 7 scrolls of fear {!r}
 y - 23 scrolls of teleportation {!r}
 z - 6 scrolls of blinking
 C - 4 scrolls of butterflies
 M - 4 scrolls of immolation
Potions
 h - 4 potions of attraction
 k - 12 potions of curing {!q}
 n - 5 potions of cancellation {!q}
 t - 5 potions of resistance {!q}
 x - 2 potions of haste {!q}
 B - 5 potions of magic {!q}
 D - 8 potions of enlightenment {!q!q}
 I - 7 potions of mutation
 N - 15 potions of heal wounds {!q}
 O - 4 potions of berserk rage {!q}
 S - 5 potions of might {!q}
 U - 3 potions of invisibility {!q}
Miscellaneous
 j - a phantom mirror (inert)
 v - a tin of tremorstones (2/2)
 H - a lightning rod (3/4)
 J - a box of beasts


   Skills:
 - Level 23.0 Fighting
 O Level 27 Axes
 - Level 2.4(18.2) Maces & Flails
 - Level 1.0 Throwing
 - Level 25.2 Armour
 - Level 14.0 Dodging
 - Level 12.0 Stealth
 - Level 3.2 Shields
 - Level 6.0 Spellcasting
 - Level 10.0 Necromancy
 + Level 4.5 Translocations
 + Level 6.0 Earth Magic
 - Level 20.4 Invocations
 - Level 4.0 Evocations


You had 27 spell levels left.
You knew the following spells:

 Your Spells              Type           Power      Damage    Failure   Level
a - Lesser Beckoning      Tloc           28%        N/A       7%          2
b - Fugue of the Fallen   Necr           27%        N/A       1%          3
q - Blink                 Tloc           28%        N/A       7%          2
A - Apportation           Tloc           28%        N/A       4%          1
P - Passwall              Erth           18%        N/A       7%          3

Your spell library contained the following spells:

 Spells                   Type           Power      Damage    Failure   Level
 Necrotise                Necr           100%       1d9       1%          1
 Sublimation of Blood     Necr           27%        N/A       1%          2
 Vampiric Draining        Necr           27%        2d7       1%          3
 Dispel Undead            Necr           27%        3d13      4%          4
 Cigotuvi's Dreadful Rot  Necr/Alch/Air  22%        N/A       11%         2
 Gell's Gravitas          Tloc           14%        N/A       13%         3
 Teleport Other           Tloc           14%        N/A       13%         3
 Foxfire                  Conj/Fire      12%        2x1d4     28%         1
 Magic Dart               Conj           12%        1d3       28%         1
 Slow                     Hex            12%        N/A       28%         1
 Sting                    Conj/Alch      12%        1d3       28%         1
 Summon Small Mammal      Summ           12%        N/A       28%         1
 Volatile Blastmotes      Fire/Tloc      18%        2d11      32%         3
 Anguish                  Hex/Necr       7%         N/A       34%         4
 Martyr's Knell           Necr/Summ      15%        N/A       34%         4
 Call Imp                 Summ           6%         N/A       38%         2
 Ensorcelled Hibernation  Hex/Ice        6%         N/A       38%         2
 Jinxbite                 Hex            6%         N/A       38%         2
 Mercury Vapours          Alch/Air       6%         N/A       38%         2
 Searing Ray              Conj           6%         2d4       38%         2
 Passage of Golubria      Tloc           14%        N/A       41%         4
 Death Channel            Necr           13%        N/A       56%         6
 Confusing Touch          Hex            3%         N/A       63%         3
 Dazzling Flash           Conj/Hex       6%         N/A       63%         3
 Frozen Ramparts          Ice            6%         1d1       63%         3
 Hailstorm                Conj/Ice       3%         3d5       63%         3
 Inner Flame              Hex/Fire       3%         N/A       63%         3
 Ozocubu's Armour         Ice            3%         N/A       63%         3
 Sigil of Binding         Hex            3%         N/A       63%         3
 Summon Ice Beast         Ice/Summ       3%         N/A       63%         3
 Swiftness                Air            3%         N/A       63%         3
 Tukima's Dance           Hex            3%         N/A       63%         3
 Animate Armour           Summ/Erth      20%        N/A       63%         4
 Leda's Liquefaction      Alch/Erth      5%         N/A       63%         4
 Petrify                  Alch/Erth      10%        N/A       63%         4
 Iskenderun's Mystic Bla  Conj/Tloc      9%         2d4       73%         4
 Vhi's Electric Charge    Tloc/Air       18%        N/A       73%         4
 Cause Fear               Hex            1%         N/A       95%         4
 Flame Wave               Conj/Fire      3%         2d5       95%         4
 Fulminant Prism          Conj/Alch      1%         3d5       95%         4
 Ignite Poison            Fire/Alch      3%         N/A       95%         4
 Olgreb's Toxic Radiance  Alch           3%         N/A       95%         4
 Sticky Flame             Fire/Alch      3%         2d4       95%         4
 Summon Blazeheart Golem  Fire/Summ      3%         N/A       95%         4
 Alistair's Intoxication  Alch           2%         N/A       100%        5
 Arcjolt                  Conj/Air       1%         1d11      100%        5
 Fireball                 Conj/Fire      1%         3d3       100%        5
 Irradiate                Conj/Alch      1%         3d12      100%        5
 Metabolic Englaciation   Hex/Ice        1%         N/A       100%        5
 Summon Mana Viper        Hex/Summ       3%         N/A       100%        5
 Yara's Violent Unravell  Hex/Alch       1%         3d3       100%        5
 Plasma Beam              Fire/Air       1%         2x1d11    100%        6
 Sculpt Simulacrum        Ice/Alch       1%         N/A       100%        6
 Starburst                Conj/Fire      1%         6d3       100%        6
 Malign Gateway           Summ/Tloc      4%         N/A       100%        7
 Monstrous Menagerie      Summ           1%         N/A       100%        7
 Summon Hydra             Summ           1%         N/A       100%        7
 Discord                  Hex            1%         N/A       100%        8
 Ignition                 Fire           1%         3d3       100%        8
 Infestation              Necr           13%        N/A       100%        8
 Maxwell's Capacitive Co  Air            1%         ∞         100%        8
 Dragon's Call            Summ           1%         N/A       100%        9
 Polar Vortex             Ice            1%         N/A       100%        9


Dungeon Overview and Level Annotations

Branches:
Dungeon (15/15)            Temple (1/1) D:6            Lair (5/5) D:11
 Shoals (4/4) Lair:2        Snake (4/4) Lair:2        Slime (0/5) Lair:5
    Orc (2/2) D:12            Elf (3/3) Orc:2        Vaults (5/5) D:14
 Depths (4/4) D:15            Zot (5/5) Depths:4      IceCv (visited)
Volcano (visited)         Gauntlet (visited)
  Crypt: Vaults:2-3

Altars:
Ashenzari
Cheibriados
Dithmenos
Elyvilon
Fedhas
Gozag
Hepliaklqana
Kikubaaqudgha
Makhleb
Nemelex Xobeh
Okawaru
Qazlal
Ru
Sif Muna
Trog
Uskayaw
Vehumet
Wu Jian
Xom
Yredelemnul
Zin
The Shining One
Jiyva

Shops:
D:3 !   Orc:1 [   Orc:2 (*?[   Elf:1 *   Elf:2 =:==   Elf:3 :   Snake:1 !!(*
Vaults:4 (

Portals:
Hell: Lair:5 Depths:1 Depths:2 Depths:3 Depths:4
Abyss: Depths:1 Depths:2 Depths:3
Pandemonium: Depths:2 Depths:4
Ziggurat: Depths:1
Trove: Elf:1 (give +4 shadow dragon scales)


Innate Abilities, Weirdness & Mutations

Your spellcasting is much less encumbered by armour.
You can use scrolls of enchantment on lesser artefacts.
Your magical capacity is low. (-10% MP)
You are strong-willed. (Will+)
Your system is resistant to poisons. (rPois)
You are weak. (Str -2)
You occasionally lose the ability to read scrolls when taking damage.


Message History

There is a stone staircase leading down here.
Things that are here:
a stone; a +0 club; a kobold skeleton An ice devil comes into view.
You see here an adder skeleton.
The ice devil barely misses you.
You slice the ice devil like a ripe choko!!!
The ice devil is almost dead.
You slice the ice devil!!
You kill the ice devil!
No target in view!
There is a stone staircase leading up here.
You climb upwards.
There is a stone staircase leading down here.
There is an open door here.
A green death comes into view.
The green death roars!
The green death gestures at you.
The blast of poison engulfs you but does no damage.
You resist. The green death hits you.
You hit the green death.
The green death's magic leaks into the air.
The green death is lightly wounded.
The green death's magic is no longer disrupted.
You completely miss the green death.
The green death is lightly wounded.
The green death closely misses you.
You cut the green death into ribbons!!!!
You kill the green death!
No target in view!
No target in view!
No target in view!
There is an open door here.
You see here a hobgoblin skeleton.
There is an open door here.
You see here a +0 robe.
There is a staircase leading out of the dungeon here.
Unknown command.
You have escaped!

##................##.......##....
#################♣♣♣...♣♣♣.......
##...# ♣♣.......♣♣#..... ##...#
♣♣.........♣♣..### #....#
♣....♣.♣....♣#.... '...+#
♣.....⌠.....♣####. #...#######
#♣...♣.♣....♣ #. #.........#
♣..........♣♣ #. ##........#
♣@.#♣.....♣♣#####. #........#
#♣♣♣♣♣♣♣♣♣♣....... #........#
#######. #........# ## #........#
# ########## # ########## #
#........# # #........# #


There were no monsters in sight!

Vanquished Creatures
  A seraph (Depths:4)
  3 dread liches
  6 orbs of fire
  5 ancient liches
  A pandemonium lord (Zot:4)
  6 Killer Klowns
  5 caustic shrikes
  6 golden dragons
  Nikola (Shoals:4)
  The ghost of Uthrocemmu the Black Sun, an adept DsAl of Kikubaaqudgha (Depths:2)
  A Brimstone Fiend (Depths:4)
  A Tzitzimitl (D:9)
  2 electric golems (Zot:5)
  The ghost of Olamiup the Slayer, an adept FoMo of Okawaru (Shoals:3)
  A Hell Sentinel (Depths:2)
  2 Ice Fiends
  14 tentacled monstrosities
  Mlioglotl (Snake:4)
  27 Orb Guardians
  The ghost of Maeli the Bludgeoner, an adept OnGl of Okawaru (Shoals:3)
  A walking earthen tome (Depths:3)
  4 titans (Vaults:5)
  2 deep elf master archers (Elf:3)
  8 sphinxes
  9 quicksilver dragons
  2 liches
  The ghost of Jedeko the Warrior, an adept MDMo of Elyvilon (Shoals:3)
  4 deep elf blademasters (Elf:3)
  Polyphemus (Shoals:4)
  8 tengu reavers
  Kirke (Lair:4)
  11 death cobs
  10 shadow dragons
  The ghost of Rekiusupn the Carver, an adept MiGl of Uskayaw (Shoals:3)
  The ghost of Kogrus the Covert, an adept GnWn of Uskayaw (Shoals:3)
  14 storm dragons
  4 nagarajas (Snake:4)
  Aizul (Snake:3)
  Roxanne (Snake:1)
  Donald (Snake:3)
  2 draconian monks
  2 draconian knights
  A demonspawn warmonger (Zot:5)
  7 fire giants
  8 protean progenitors
  Ilsuiw (Shoals:4)
  3 draconian scorchers
  An iron dragon (Depths:3)
  8 deep elf sorcerers
  9 frost giants
  A daeva (Depths:4)
  13 vault wardens
  4 draconian shifters
  4 balrugs
  3 deep elf elementalists (Elf:3)
  Louise (D:15)
  A juggernaut zombie (Depths:4)
  A demonspawn corrupter (Zot:5)
  A draconian stormcaller (Zot:2)
  A formless jellyfish (Shoals:3)
  7 very ugly things
  13 ironbound preservers
  2 ghost moths (Zot:4)
  2 cacodemons
  5 ironbound thunderhulks
  2 broodmothers (Zot:2)
  2 draconian annihilators
  10 stone giants
  7 black draconians
  6 deep elf demonologists
  8 vampire knights
  9 green draconians
  4 white draconians
  5 deep elf annihilators
  Azrael (D:15)
  6 deep elf death magi
  A lorocyproca (Zot:5)
  2 dire elephants (Vaults:4)
  2 pale draconians (Depths:4)
  2 minotaurs
  8 purple draconians
  4 yellow draconians
  3 spark wasps (Depths:4)
  9 merfolk javelineers
  5 red draconians
  2 green deaths
  10 fire dragons
  9 merfolk impalers
  9 ettins
  Josephine (D:15)
  12 yaktaur captains
  An entropy weaver (Vaults:4)
  4 great orbs of eyes
  A crystal guardian (Vaults:4)
  7 deep elf high priests
  31 vault guards
  8 rakshasas
  7 hydras
  5 ice dragons
  4 jorogumos
  A hell beast (Depths:2)
  A salamander tyrant (Snake:3)
  2 catoblepae
  3 spriggan air magi
  6 ironbound frosthearts
  4 satyrs
  A peacekeeper (Vaults:4)
  10 centaur warriors
  7 ogre magi
  7 anacondas
  4 merfolk avatars
  5 merfolk aquamancers
  A spriggan skeleton (Depths:4)
  29 dancing weapons
  4 alligator snapping turtles
  19 two-headed ogres
  A death knight (Depths:4)
  4 boulder beetles
  The ghost of korenl137 the Skirmisher, a journeyman SpHs of Fedhas (D:12)
  2 death scarabs (Gauntlet)
  5 deep troll shamans
  7 tengu warriors
  20 death yaks
  12 deep troll earth magi
  3 vampire magi
  9 shock serpents
  15 naga warriors
  A hell hog (Depths:2)
  Urug (D:13)
  2 spriggan berserkers
  7 hell knights
  15 deep elf knights
  6 iron trolls
  2 soul eaters (Depths:4)
  8 sun demons
  3 occultists
  12 naga sharpshooters
  3 skysharks
  Amaemon (D:9)
  4 salamander mystics
  9 skeletal warriors
  4 sixfirhies
  A death drake (shapeshifter) (Elf:1)
  A shadow wraith (Depths:4)
  12 mana vipers
  10 arcanists
  37 deep trolls
  An elf zombie (Vaults:4)
  4 flayed ghosts
  5 glowing orange brains
  2 deep trolls (shapeshifter)
  A golden dragon zombie (Depths:4)
  3 shadow demons
  A sea snake (shapeshifter) (Vaults:5)
  3 lindwurms
  2 cherubim
  5 orb spiders
  A shadow dragon zombie (Depths:4)
  13 sea snakes
  3 swamp dragons (Depths:4)
  An obsidian statue (Zot:5)
  6 naga ritualists
  5 necromancers
  A bog body (Lair:1)
  8 deep elf archers
  2 thermic dynamos (Elf:2)
  15 harpies
  11 ironbound convokers
  25 deep elf pyromancers
  5 orc knights
  3 large abominations (Depths:1)
  A spectral boulder beetle (Gauntlet)
  3 wolf spiders
  26 deep elf zephyrmancers
  3 orc sorcerers
  12 cyclopes
  36 ugly things
  A manticore (shapeshifter) (Vaults:5)
  Maurice (D:7)
  11 salamanders
  16 moths of wrath
  22 manticores
  A shadow dragon skeleton (Depths:4)
  Joseph (D:9)
  A wolf spider (shapeshifter) (Vaults:5)
  16 fauns
  6 meliai
  4 guardian serpents
  6 kobold blastminers
  6 merfolk sirens
  3 rust devils (Depths:2)
  15 water nymphs
  4 orange demons
  29 black mambas
  A torpor snail (Lair:5)
  8 elephants
  A cane toad (shapeshifter) (Elf:1)
  3 smoke demons
  An eye of devastation (shapeshifter) (Vaults:5)
  9 cane toads
  10 naga magi
  An ice statue (Lair:5)
  7 gargoyles
  12 vault sentinels
  An unseen horror (shapeshifter) (D:15)
  A hellion (D:5)
  6 rime drakes
  9 unseen horrors
  4 tengu conjurers
  28 yaktaurs
  2 tormentors
  6 ice devils
  2 freezing wraiths
  11 komodo dragons
  A spectral glowing shapeshifter (Depths:4)
  2 efreet
  3 red devils
  A troll (shapeshifter) (Vaults:5)
  A queen bee (shapeshifter) (D:15)
  17 trolls
  2 hellwings
  A polar bear (shapeshifter) (Elf:1)
  A tyrant leech (Zot:4)
  A wind drake (shapeshifter) (D:15)
  28 merfolk
  A stone giant simulacrum (Vaults:4)
  8 polar bears
  4 blink frogs
  11 snapping turtles
  A glass eye (Depths:2)
  6 wind drakes
  8 dream sheep
  2 centaur simulacra (D:15)
  4 shadows
  A dire elephant simulacrum (IceCv)
  4 small abominations (Depths:1)
  17 slime creatures
  A spectral black mamba (Gauntlet)
  A vampire (D:11)
  5 air elementals
  17 water elementals
  A fire bat (shapeshifter) (Elf:1)
  3 wyverns
  A hog (shapeshifter) (Elf:1)
  8 wraiths
  4 steam dragons
  57 yaks
  6 fire elementals
  A basilisk (shapeshifter) (D:13)
  2 wargs (Orc:1)
  3 hogs (Lair:4)
  11 humans (D:12)
  3 basilisks
  A human (shapeshifter) (Elf:3)
  6 vampire mosquitoes
  4 chaos spawn (Depths:1)
  A human simulacrum (Vaults:4)
  An ogre zombie (Vaults:4)
  6 death yak simulacra
  3 acid dragons
  A swamp worm (shapeshifter) (Vaults:5)
  41 nagas
  15 hell hounds
  A water moccasin (shapeshifter) (Elf:1)
  Duvessa (D:4)
  12 water moccasins
  20 orc warriors
  8 ice beasts
  A sky beast (D:6)
  A laughing skull (D:11)
  9 boggarts
  2 black bears (Lair:4)
  20 ogres
  7 centaurs
  26 wolves
  2 gnoll sergeants
  13 bullfrogs
  10 earth elementals
  5 scorpions
  18 wights
  Dowan (D:4)
  2 elephant simulacra
  3 killer bees (D:11)
  10 electric eels
  2 howler monkeys
  4 hounds
  4 jellies
  19 orc priests
  An iguana (D:7)
  Ijyb (D:5)
  2 sleepcaps
  30 orc wizards
  2 spriggan simulacra (Lair:1)
  2 troll simulacra (Lair:1)
  A wolf simulacrum (IceCv)
  Robin (D:5)
  10 gnolls
  An adder (D:2)
  A naga simulacrum (Lair:1)
  2 shadow imps (D:6)
  20 white imps
  4 dart slugs
  79 orcs
  2 bats (D:1)
  2 endoplasms
  3 giant cockroaches
  6 goblins
  11 hobgoblins
  9 kobolds
  2 ball pythons
  3 frilled lizards
  A rat (D:3)
  3 aspiring fleshes
2002 creatures vanquished.

Vanquished Creatures (collateral kills)
  A deep elf elementalist (Elf:3)
  A deep elf death mage (Elf:3)
2 creatures vanquished.

Vanquished Creatures (others)
  A draconian knight (Zot:2)
  A catoblepas (Shoals:4)
  A water elemental (Elf:2)
3 creatures vanquished.

Grand Total: 2007 creatures vanquished

Notes
Turn   | Place    | Note
-------+----------+-------------------------------------------
     0 | D:1      | sdynet the Mountain Dwarf Fighter began the quest for the
                  | Orb.
     0 | D:1      | Reached XP level 1. HP: 19/19 MP: 1/1
   339 | D:1      | Reached XP level 2. HP: 27/27 MP: 2/2
   877 | D:2      | Found a hide-covered altar of Uskayaw.
   898 | D:2      | Became a worshipper of Uskayaw the Reveller
   916 | D:2      | Reached * piety under Uskayaw
   917 | D:2      | Reached XP level 3. HP: 34/34 MP: 3/3
  1063 | D:2      | Reached ** piety under Uskayaw
  1064 | D:2      | Reached skill level 1 in Invocations
  1067 | D:2      | Reached *** piety under Uskayaw
  1069 | D:2      | Reached skill level 5 in Fighting
  1313 | D:2      | Reached XP level 4. HP: 37/42 MP: 4/4
  1619 | D:3      | Found a shimmering altar of Xom.
  1732 | D:3      | Found Konupn's Distillery.
  1738 | D:3      | Bought a potion of degeneration for 14 gold pieces
  1739 | D:3      | Bought a potion of heal wounds for 70 gold pieces
  2123 | D:4      | Reached skill level 1 in Throwing
  2235 | D:4      | Noticed a scorpion
  2236 | D:4      | Identified a scroll of acquirement
  2256 | D:3      | Reached XP level 5. HP: 48/50 MP: 5/5
  2258 | D:3      | Acquired the +1 cloak of Starlight {*Dazzle EV+4 Stlth--}
  2258 | D:3      | Found the +1 cloak of Starlight {*Dazzle EV+4 Stlth--}
  2306 | D:4      | Noticed Duvessa
  2314 | D:4      | Noticed Dowan
  2323 | D:4      | Reached skill level 1 in Stealth
  2326 | D:4      | Killed Duvessa
  2327 | D:4      | Reached XP level 6. HP: 36/60 MP: 6/6
  2330 | D:4      | Reached **** piety under Uskayaw
  2333 | D:4      | Killed Dowan
  2337 | D:4      | Reached ***** piety under Uskayaw
  2477 | D:4      | Gained mutation: You have a pair of small horns on your
                  | head. [potion of mutation]
  2477 | D:4      | Gained mutation: You are dopey. (Int -2) [potion of
                  | mutation]
  2681 | D:4      | Found a stormy altar of Qazlal.
  2702 | D:4      | Reached XP level 7. HP: 67/69 MP: 7/7
  2780 | D:5      | Entered Level 5 of the Dungeon
  2979 | D:5      | Found a broken altar of Ashenzari.
  3159 | D:5      | Found a glowing golden altar of the Shining One.
  3177 | D:5      | Found a shadowy altar of Dithmenos.
  3268 | D:5      | Noticed Ijyb
  3304 | D:5      | Noticed Robin
  3327 | D:5      | Killed Robin
  3335 | D:5      | Killed Ijyb
  3646 | D:5      | Reached skill level 10 in Fighting
  3776 | D:5      | Reached XP level 8. HP: 70/79 MP: 7/9
  4284 | D:6      | Noticed a troll
  4308 | D:6      | Killed a troll
  4309 | D:6      | Reached skill level 2 in Axes
  4309 | D:6      | Reached skill level 1 in Dodging
  4321 | D:6      | Found the +18 Lear's hauberk
  4553 | D:6      | Reached skill level 3 in Axes
  4682 | D:6      | Found a staircase to the Ecumenical Temple.
  4694 | Temple   | Entered the Ecumenical Temple
  4772 | D:6      | Reached skill level 4 in Axes
  5237 | D:7      | Reached XP level 9. HP: 82/86 MP: 2/11
  5246 | D:7      | Reached skill level 5 in Axes
  5248 | D:7      | Reached skill level 5 in Armour
  5615 | D:7      | Noticed Maurice
  5627 | D:7      | Killed Maurice
  5628 | D:7      | Reached skill level 1 in Evocations
  5702 | D:7      | Found a bloodstained altar of Trog.
  5702 | D:7      | Found a glowing silver altar of Zin.
  5703 | D:7      | Found an ornate altar of the Wu Jian Council.
  6169 | D:3      | Bought a potion of enlightenment for 70 gold pieces
  6730 | D:8      | Reached skill level 6 in Axes
  6741 | D:8      | Identified the staff "Kivu" {rElec rPois rN+++ Str-4 Stlth+
                  | Air}
  7444 | D:9      | Noticed a centaur warrior
  7451 | D:9      | Killed a centaur warrior
  7452 | D:9      | Reached XP level 10. HP: 70/99 MP: 8/13
  7569 | D:9      | Noticed a two-headed ogre
  7613 | D:9      | Found a blossoming altar of Fedhas.
  7670 | D:9      | Reached skill level 5 in Invocations
  7702 | D:9      | Found a snail-covered altar of Cheibriados.
  7704 | D:9      | Noticed Joseph
  7711 | D:9      | Reached skill level 7 in Axes
  7725 | D:9      | Killed Joseph
  8063 | D:9      | Found a basalt altar of Yredelemnul.
  8063 | D:9      | Found a burning altar of Makhleb.
  8092 | D:9      | Noticed an orange demon
  8095 | D:9      | Noticed Amaemon
  8101 | D:9      | Killed an orange demon
  8112 | D:9      | Killed Amaemon
  8113 | D:9      | Reached skill level 8 in Axes
  8258 | D:9      | Killed a two-headed ogre
  8591 | D:10     | Entered Level 10 of the Dungeon
  9073 | D:10     | Reached XP level 11. HP: 104/107 MP: 15/15
  9215 | D:10     | Noticed a two-headed ogre
  9226 | D:10     | Killed a two-headed ogre
  9227 | D:10     | Reached skill level 9 in Axes
  9552 | D:11     | Found a frozen archway.
  9588 | IceCv    | Entered an ice cave
  9805 | IceCv    | Noticed a white ugly thing
  9824 | IceCv    | Killed a white ugly thing
 10246 | D:11     | Reached skill level 10 in Armour
 10350 | D:11     | Found a stormy altar of Qazlal.
 10350 | D:11     | Noticed a centaur warrior
 10353 | D:11     | Found a shadowy altar of Dithmenos.
 10353 | D:11     | Noticed a purple ugly thing
 10353 | D:11     | Noticed a green ugly thing
 10353 | D:11     | Noticed a two-headed ogre
 10356 | D:11     | Noticed a centaur warrior
 10356 | D:11     | Noticed a two-headed ogre
 10358 | D:11     | Killed a centaur warrior
 10358 | D:11     | Killed a purple ugly thing
 10358 | D:11     | Killed a purple ugly thing
 10358 | D:11     | Killed a centaur warrior
 10359 | D:11     | Reached skill level 10 in Axes
 10359 | D:11     | Found a hide-covered altar of Uskayaw.
 10359 | D:11     | Found a shimmering blue altar of Sif Muna.
 10360 | D:11     | Killed a two-headed ogre
 10361 | D:11     | Reached XP level 12. HP: 56/118 MP: 8/16
 10362 | D:11     | Noticed a tengu warrior
 10363 | D:11     | Killed a two-headed ogre
 10364 | D:11     | Reached skill level 11 in Axes
 10384 | D:11     | Killed a tengu warrior
 10571 | D:11     | Reached skill level 15 in Fighting
 10576 | D:11     | Noticed an ogre mage
 10592 | D:11     | Found a staircase to the Lair.
 10727 | Lair:1   | Entered Level 1 of the Lair of Beasts
 10795 | Lair:1   | Noticed a boulder beetle
 10815 | Lair:1   | Killed a boulder beetle
 10816 | Lair:1   | Reached skill level 12 in Axes
 10842 | Lair:1   | You fall into a shaft and drop 1 floor!
 10916 | Lair:2   | Found a staircase to the Shoals.
 10956 | Lair:2   | Learned a level 2 spell: Lesser Beckoning
 11006 | Lair:1   | Noticed a death yak
 11006 | Lair:1   | Noticed a death yak
 11007 | Lair:1   | Noticed a death yak
 11016 | Lair:1   | Killed a death yak
 11016 | Lair:1   | Killed a death yak
 11018 | Lair:1   | Killed a death yak
 11025 | Lair:1   | Reached XP level 13. HP: 42/128 MP: 7/19
 11247 | Lair:1   | Found a dark tunnel.
 11253 | Lair:1   | Reached skill level 13 in Axes
 11258 | Volcano  | Entered a volcano
 11346 | Volcano  | Noticed a stone giant
 11353 | Volcano  | Killed a stone giant
 13041 | Lair:2   | Found a staircase to the Snake Pit.
 13433 | Lair:3   | Reached skill level 14 in Axes
 13433 | Lair:3   | Reached skill level 10 in Invocations
 13882 | Lair:3   | Reached skill level 5 in Dodging
 13882 | Lair:3   | Reached XP level 14. HP: 138/138 MP: 21/21
 14233 | Lair:4   | Noticed Kirke
 14249 | Lair:4   | Killed Kirke
 15079 | Lair:5   | Entered Level 5 of the Lair of Beasts
 15137 | Lair:5   | Reached ****** piety under Uskayaw
 15146 | Lair:5   | Reached XP level 15. HP: 74/147 MP: 13/23
 15171 | Lair:5   | Reached skill level 15 in Axes
 15176 | Lair:5   | Identified the +0 plate armour "Ixeuguryqa" {rF+ rN++
                  | Stlth+}
 15795 | Lair:5   | Found a staircase to the Slime Pits.
 15795 | Lair:5   | Found a viscous altar of Jiyva.
 16059 | Lair:5   | Found a burning altar of Makhleb.
 16080 | Lair:5   | Reached skill level 16 in Axes
 16090 | Lair:5   | Found a gateway to Hell.
 16991 | D:11     | Identified the +1 orcbow "Imehehott" {heavy, rN+ Int+3}
 17818 | D:12     | Found a staircase to the Orcish Mines.
 17956 | D:12     | Noticed korenl137's ghost (journeyman SpHs)
 18110 | D:12     | Found a transporter.
 18117 | D:12     | Found a transporter.
 18283 | D:12     | Found a basalt altar of Yredelemnul.
 18299 | D:12     | Identified the +6 sling of Eternal Night {heavy, Int+3}
 18949 | D:12     | Found a bloodstained altar of Trog.
 19031 | Orc:1    | Entered Level 1 of the Orcish Mines
 19031 | Orc:1    | Found Lerykhloxt's Armour Shop.
 19212 | Orc:2    | Entered Level 2 of the Orcish Mines
 19422 | Orc:1    | Reached XP level 16. HP: 143/159 MP: 25/25
 19661 | Orc:2    | Found Wuicka's Armour Boutique.
 19671 | Orc:2    | Reached skill level 17 in Axes
 19686 | Orc:2    | Found Qarim's Magic Scroll Emporium.
 19695 | Orc:2    | Found Ischox's Assorted Antiques.
 19696 | Orc:2    | Found Ogyfot's Weapon Boutique.
 20112 | Orc:2    | Found a staircase to the Elven Halls.
 20949 | D:13     | Lost mutation: You are dopey. (Int -2) [potion of mutation]
 20949 | D:13     | Lost mutation: You have a pair of small horns on your head.
                  | [potion of mutation]
 20949 | D:13     | Gained mutation: Your system is resistant to poisons.
                  | (rPois) [potion of mutation]
 20949 | D:13     | Gained mutation: You occasionally lose the ability to read
                  | scrolls when taking damage. [potion of mutation]
 20949 | D:13     | Gained mutation: You are strong-willed. (Will+) [potion of
                  | mutation]
 21255 | D:13     | Noticed Urug
 21264 | D:13     | Killed Urug
 21535 | D:13     | Found a shimmering blue altar of Sif Muna.
 21934 | D:14     | Identified the +0 robe "Hahoin" {rCorr}
 22014 | D:14     | Found a gate leading to a gauntlet.
 22033 | Gauntlet | Entered a Gauntlet
 22033 | Gauntlet | Found a transporter.
 22072 | Gauntlet | Found a transporter.
 22084 | Gauntlet | Found a transporter.
 22088 | Gauntlet | Found a transporter.
 22104 | Gauntlet | Found a transporter.
 22117 | Gauntlet | Found a runed translucent gate.
 22118 | Gauntlet | Found a transporter.
 22118 | Gauntlet | Found a runed translucent gate.
 22121 | Gauntlet | Found a transporter.
 22125 | Gauntlet | Found a transporter.
 22129 | Gauntlet | Found a runed translucent gate.
 22148 | Gauntlet | Found a transporter.
 22155 | Gauntlet | Found a transporter.
 22156 | Gauntlet | Found a transporter.
 22167 | Gauntlet | Found a transporter.
 22275 | Gauntlet | Identified the +1 helmet of Dishonour {rElec SInv}
 22302 | Gauntlet | Identified the +0 pair of boots "Kuklop" {rN++ Regen+ MP+9
                  | Str-5}
 22340 | Gauntlet | Identified the staff of Cyogeedy {rN+ Stlth+ Necro}
 22360 | Gauntlet | Got Potwo's Tome of Collective Trauma
 22547 | D:14     | Reached skill level 18 in Axes
 22547 | D:14     | Reached skill level 15 in Armour
 22825 | D:14     | Paralysed by something for 2 turns
 22834 | D:14     | Found a gate to the Vaults.
 23615 | D:15     | Entered Level 15 of the Dungeon
 23809 | D:15     | Found a staircase to the Depths.
 23893 | D:15     | Noticed Josephine
 23895 | D:15     | Noticed Louise
 23904 | D:15     | Reached XP level 17. HP: 148/170 MP: 18/26
 23904 | D:15     | Killed Louise
 23905 | D:15     | Reached skill level 19 in Axes
 23908 | D:15     | Killed Josephine
 24395 | D:15     | Noticed Azrael
 24410 | D:15     | Killed Azrael
 24412 | D:15     | Found a runed translucent door.
 24442 | D:15     | Got Hudireyxu's Quarto of Allied Beguiling
 24445 | D:15     | Got the Commentary on Quintessence
 24449 | D:15     | Identified the +2 chain mail of Ugajem {Int+4}
 24650 | D:12     | Killed korenl137's ghost
 24666 | D:12     | Identified the scarf of the Great Game {harm, Str+6}
 25028 | Shoals:1 | Entered Level 1 of the Shoals
 25133 | Shoals:1 | Found a flickering gateway to a bazaar.
 25142 | Bazaar   | Entered a bazaar
 25142 | Bazaar   | Found Liyvoafo's Armour Boutique.
 25142 | Bazaar   | Found Dehamusu's General Store.
 25186 | Bazaar   | Found Vuim's Book Boutique.
 25235 | Bazaar   | Found Lyireel's Weapon Shop.
 25275 | Bazaar   | Bought a +1 pair of gloves of strength for 231 gold pieces
 25282 | Bazaar   | Bought the +0 plate armour of Vienonlo {Harm Will+} for 498
                  | gold pieces
 25522 | Orc:2    | Bought a scroll of acquirement for 572 gold pieces
 25522 | Orc:2    | Bought a scroll of fog for 44 gold pieces
 25522 | Orc:2    | Bought a scroll of revelation for 82 gold pieces
 25522 | Orc:2    | Bought 3 scrolls of enchant armour for 247 gold pieces
 25522 | Orc:2    | Bought a scroll of immolation for 44 gold pieces
 25522 | Orc:2    | Bought a scroll of poison for 44 gold pieces
 25524 | Orc:2    | Acquired a +2 vampiric broad axe
 25526 | Orc:2    | Acquired a manual of Stealth
 25753 | Shoals:1 | Identified the +3 long sword of Kismet {pain, rElec}
 26104 | Shoals:1 | Identified the +7 short sword of Instant Death {holy, rC-
                  | rN+ Str+6}
 26444 | Shoals:2 | Found a hide-covered altar of Uskayaw.
 26479 | Shoals:2 | Identified the +1 longbow of Propriety {drain, Dex+4}
 27283 | Shoals:3 | Found a runed translucent gate.
 27284 | Shoals:3 | Noticed Maeli's ghost (adept OnGl)
 27292 | Shoals:3 | Found a runed translucent gate.
 27292 | Shoals:3 | Noticed Jedeko's ghost (adept MDMo)
 27298 | Shoals:3 | Found a runed translucent gate.
 27303 | Shoals:3 | Noticed Kogrus's ghost (adept GnWn)
 27304 | Shoals:3 | Noticed Rekiusupn's ghost (adept MiGl)
 27306 | Shoals:3 | Noticed Olamiup's ghost (adept FoMo)
 27313 | Shoals:3 | Killed Olamiup's ghost
 27314 | Shoals:3 | Reached XP level 18. HP: 182/182 MP: 27/27
 27323 | Shoals:3 | Killed Jedeko's ghost
 27323 | Shoals:3 | Killed Rekiusupn's ghost
 27327 | Shoals:3 | Killed Maeli's ghost
 27332 | Shoals:3 | Killed Kogrus's ghost
 27346 | Shoals:3 | Reached XP level 19. HP: 189/189 MP: 20/28
 27421 | Shoals:3 | Identified the +5 shortbow "Nueni" {flame, rF+ rC+}
 27442 | Shoals:3 | Identified the ring of Descent {Will+ rCorr Dex+3}
 27973 | Shoals:4 | Entered Level 4 of the Shoals
 28018 | Shoals:4 | Noticed Polyphemus
 28038 | Shoals:4 | Killed Polyphemus
 28258 | Shoals:4 | Got the Incunabulum of the Shishi
 28487 | Shoals:4 | Identified the staff of Buakinim {rC+ rN+ Ice}
 28495 | Shoals:4 | Noticed Nikola
 28505 | Shoals:4 | Killed Nikola
 28567 | Shoals:4 | Identified the +2 ring mail of Indemnity {-Tele rElec rC+
                  | Will+++}
 28576 | Shoals:4 | Noticed Ilsuiw
 28588 | Shoals:4 | Killed Ilsuiw
 28657 | Shoals:4 | Reached skill level 5 in Stealth
 28671 | Shoals:4 | Got a barnacled rune of Zot
 29186 | Snake:1  | Entered Level 1 of the Snake Pit
 29225 | Snake:1  | Found Ytideic's General Store.
 29225 | Snake:1  | Found Roatt's Distillery.
 29227 | Snake:1  | Found Qaorueh's Weapon Emporium.
 29228 | Snake:1  | Found Pyteh's Distillery.
 29257 | Snake:1  | Noticed Roxanne
 29291 | Snake:1  | Killed Roxanne
 30544 | Snake:3  | Identified the serpent talisman "Couref" {rElec Will+}
 30544 | Snake:3  | Noticed Aizul
 30546 | Snake:3  | Noticed Donald
 30558 | Snake:3  | Killed Aizul
 30559 | Snake:3  | Killed Donald
 30684 | Snake:3  | Reached XP level 20. HP: 176/198 MP: 2/29
 30828 | Snake:4  | Entered Level 4 of the Snake Pit
 30985 | Snake:4  | Got a jade gem with 716 turns to spare
 30987 | Snake:4  | Got a serpentine rune of Zot
 31876 | Snake:3  | Identified the +1 rapier "Anuan" {freeze, rPois Will+
                  | Str+3}
 31884 | Snake:3  | Identified the +4 scale mail of Intuition {Fly Str+2}
 33097 | Snake:4  | Noticed Mlioglotl
 33098 | Snake:4  | Noticed a bone dragon
 33163 | Snake:4  | Killed Mlioglotl
 33592 | Elf:1    | Entered Level 1 of the Elven Halls
 33943 | Elf:1    | Found Hingaewk's Assorted Antiques.
 34268 | Elf:1    | Got Waafuoj's Lessons on the Hornet
 34279 | Elf:1    | Got the Spellbook of the Tincture
 34357 | Elf:1    | Found a portal to a secret trove of treasure.
 34851 | Elf:2    | Found Animus's Book Emporium.
 34851 | Elf:2    | Found Gesuos's Jewellery Boutique.
 34852 | Elf:2    | Found Keoli's Jewellery Boutique.
 34948 | Elf:2    | Paralysed by an air elemental for 1 turns
 35116 | Elf:2    | Found Bucirige's Jewellery Shop.
 35198 | Elf:2    | Found a runed translucent gate.
 35198 | Elf:2    | Found a runed translucent gate.
 35198 | Elf:2    | Found a runed translucent gate.
 35467 | Elf:2    | Reached skill level 10 in Dodging
 35477 | Elf:2    | Reached XP level 21. HP: 204/204 MP: 32/32
 35513 | Elf:2    | Reached skill level 15 in Invocations
 35851 | Elf:3    | Entered Level 3 of the Elven Halls
 36113 | Elf:3    | Identified the +3 robe of Maotuw {rN+}
 36158 | Elf:3    | Identified the staff of Lenut {SInv Earth}
 36162 | Elf:3    | Identified the +6 trident of Qoje {heavy, Int+2}
 36168 | Elf:3    | Identified the +3 scale mail of the Parsimonious God {rF+
                  | Will+ Dex+3}
 36169 | Elf:3    | Identified the amulet "Acvaodac" {Reflect rN++ Will+ Int-5
                  | Dex+3 SH+5}
 36199 | Elf:3    | Identified the +4 battleaxe of Arbitration {pain, rF+}
 36215 | Elf:3    | Identified the +5 storm dragon scales of Lifilyve {rElec
                  | rPois rF- rCorr}
 36226 | Elf:3    | Identified the staff of the Shining Light {rPois Conj Tloc}
 36248 | Elf:3    | Identified the staff of the Common Good {rElec rN+ Dex-2
                  | Ice Earth}
 36259 | Elf:3    | Identified the +1 crystal plate armour of the Devil's Team
                  | {rF+++ Will+ Int-3}
 36464 | Elf:3    | Paralysed by an air elemental for 1 turns
 36560 | Elf:3    | Found Lus Ajyu's Book Boutique.
 36590 | Elf:3    | Paralysed by an air elemental for 1 turns
 36910 | Vaults:1 | Entered Level 1 of the Vaults
 36980 | Vaults:1 | Reached skill level 20 in Axes
 37401 | Vaults:2 | Reached skill level 21 in Axes
 38081 | Vaults:4 | Reached XP level 22. HP: 208/213 MP: 14/33
 38096 | Vaults:4 | Reached skill level 22 in Axes
 38135 | Vaults:5 | Entered Level 5 of the Vaults
 38163 | Vaults:5 | Noticed an ancient lich
 38174 | Vaults:5 | Killed an ancient lich
 38175 | Vaults:5 | Reached skill level 23 in Axes
 38265 | Vaults:5 | Got the Precepts of the Blizzard and Misfortune
 38306 | Vaults:5 | Identified the +3 dagger of Collusion {venom, Str+3}
 38451 | Vaults:5 | Identified the dragon-blood talisman "Wemo Gui" {rF+ Int+3}
 38467 | Vaults:5 | Identified the +1 robe of the Eternal Fruit {Will+ Stlth+}
 38486 | Vaults:5 | Identified the ring of Ynyufeg {+Blink rF- rC+ Int+6 Dex+2}
 38555 | Vaults:5 | Reached skill level 24 in Axes
 38572 | Vaults:5 | Noticed a golden dragon
 38574 | Vaults:5 | Killed a golden dragon
 38574 | Vaults:5 | Noticed an ancient lich
 38594 | Vaults:5 | Killed an ancient lich
 38611 | Vaults:5 | Got a shining gem with 2167 turns to spare
 38618 | Vaults:5 | Got a silver rune of Zot
 38644 | Vaults:5 | Identified the +10 long sword "Impslayer" {flame, *Rage rC+
                  | Str+5}
 38675 | Vaults:5 | Identified the +11 great sword of Qukyodgho {speed, Int+3}
 38758 | Vaults:5 | Noticed a golden dragon
 38762 | Vaults:5 | Identified the +3 scimitar of Uncertain Death {elec, rElec
                  | rC+}
 38779 | Vaults:5 | Killed a golden dragon
 38990 | Vaults:5 | Identified the +4 flail "Avoluuz" {protect, Stlth+}
 39793 | Vaults:4 | Found a shimmering blue altar of Sif Muna.
 39797 | Vaults:4 | Found a transporter.
 40062 | Vaults:4 | Found Mellaokh's Weapon Emporium.
 40169 | Vaults:4 | Reached XP level 23. HP: 193/221 MP: 13/34
 40702 | Vaults:4 | Found a transporter.
 40733 | Vaults:4 | Identified the +4 robe "Huxtip" {Rampage rPois rF+}
 40869 | Depths:1 | Entered Level 1 of the Depths
 40912 | Depths:1 | Learned a level 2 spell: Blink
 40914 | Depths:1 | Learned a level 1 spell: Apportation
 40918 | Depths:1 | Learned a level 3 spell: Fugue of the Fallen
 41109 | Depths:1 | Reached skill level 1 in Necromancy
 41175 | Depths:1 | Reached skill level 1 in Spellcasting
 41206 | Depths:1 | Found a one-way gateway to a ziggurat.
 41315 | Depths:1 | Found a shadowy altar of Dithmenos.
 41845 | Depths:1 | Found a one-way gate to the infinite horrors of the Abyss.
 42098 | Depths:2 | Identified the +3 flail of the Gnashing Hero {spect, rElec
                  | Will++}
 42138 | Depths:2 | Found a one-way gate leading to the halls of Pandemonium.
 42158 | Depths:2 | Found a runed translucent gate.
 42162 | Depths:2 | Found a runed translucent gate.
 42162 | Depths:2 | Noticed Uthrocemmu's ghost (adept DsAl)
 42163 | Depths:2 | Found a runed translucent gate.
 42442 | Depths:4 | Entered Level 4 of the Depths
 42442 | Depths:4 | Noticed a caustic shrike
 42442 | Depths:4 | Noticed a caustic shrike
 42442 | Depths:4 | Noticed a caustic shrike
 42443 | Depths:4 | Noticed a caustic shrike
 42450 | Depths:4 | Killed a caustic shrike
 42450 | Depths:4 | Killed a caustic shrike
 42451 | Depths:4 | Reached skill level 25 in Axes
 42451 | Depths:4 | Reached skill level 1 in Translocations
 42451 | Depths:4 | Killed a caustic shrike
 42451 | Depths:4 | Killed a caustic shrike
 42657 | Depths:4 | Reached skill level 5 in Necromancy
 42866 | Depths:4 | Noticed an ancient lich
 42880 | Depths:4 | Killed an ancient lich
 42897 | Depths:4 | Got the Octavo of Darkness
 43169 | Depths:4 | Learned a level 3 spell: Passwall
 43244 | Depths:4 | Reached skill level 5 in Spellcasting
 43244 | Depths:4 | Reached skill level 1 in Earth Magic
 43259 | Depths:4 | Reached XP level 24. HP: 227/229 MP: 14/36
 43331 | Depths:4 | Found a gate to the Realm of Zot.
 43338 | Depths:4 | Got a midnight gem with 615 turns to spare
 44355 | Depths:3 | Identified the ring "Vuzureha" {Fire Str-2 Int+6}
 44380 | Depths:3 | Reached skill level 26 in Axes
 45113 | Depths:2 | Killed Uthrocemmu's ghost
 45305 | Zot:1    | Entered Level 1 of the Realm of Zot
 45397 | Zot:1    | Noticed an orb of fire
 45407 | Zot:1    | Killed an orb of fire
 45418 | Zot:1    | Reached skill level 27 in Axes
 45766 | Zot:5    | Entered Level 5 of the Realm of Zot
 46034 | Zot:5    | Got a prismatic gem with 348 turns to spare
 46360 | Zot:2    | Reached skill level 10 in Stealth
 46360 | Zot:2    | Reached XP level 25. HP: 220/237 MP: 15/36
 46545 | Zot:1    | You fall into a shaft and drop 1 floor!
 46573 | Zot:1    | Reached skill level 10 in Necromancy
 47534 | Zot:2    | Found a transporter.
 47839 | Zot:2    | Found a transporter.
 47885 | Zot:2    | Noticed a dread lich
 47892 | Zot:2    | Killed a dread lich
 47905 | Zot:2    | Identified the amulet of Usoesh {rN+ Regen+ Dex-3 Slay+4}
 47911 | Zot:2    | Reached XP level 26. HP: 239/247 MP: 15/36
 47922 | Zot:2    | Identified the ring of the Sheltering Madman {rC+ rN+ AC+4
                  | Str+3 Int+3}
 49656 | Zot:5    | Noticed an ancient lich
 49679 | Zot:5    | Noticed an orb of fire
 49680 | Zot:5    | Killed an ancient lich
 49681 | Zot:5    | Killed an orb of fire
 49681 | Zot:5    | Noticed an orb of fire
 49692 | Zot:5    | Killed an orb of fire
 49865 | Zot:5    | Noticed an orb of fire
 49867 | Zot:5    | Noticed an orb of fire
 49870 | Zot:5    | Killed an orb of fire
 49870 | Zot:5    | Noticed an orb of fire
 49873 | Zot:5    | Gained mutation: Your magical capacity is low. (-10% MP)
                  | [an orb of fire]
 49882 | Zot:5    | Gained mutation: You are weak. (Str -2) [an orb of fire]
 49896 | Zot:5    | Noticed a dread lich
 49900 | Zot:5    | Killed an orb of fire
 49900 | Zot:5    | Noticed an ancient lich
 49902 | Zot:5    | Killed a dread lich
 49903 | Zot:5    | Killed an orb of fire
 49908 | Zot:5    | Killed an ancient lich
 49910 | Zot:5    | Reached XP level 27. HP: 96/256 MP: 1/33
 50054 | Zot:5    | Noticed a dread lich
 50064 | Zot:5    | Killed a dread lich
 50279 | Zot:5    | Got the Orb of Zot
 50362 | Zot:4    | Noticed Xagyet the pandemonium lord
 50375 | Zot:4    | Killed Xagyet the pandemonium lord
 50770 | Depths:4 | Noticed a seraph
 50778 | Depths:4 | Killed a seraph
 50781 | Depths:4 | Reached skill level 5 in Earth Magic
 51500 | D:$      | Escaped with the Orb!

Illustrated notes

Levels and vault maps discovered:
D:1:      amcnicky_arrival_underground_garden, layout_basic
D:2:      layout_loops_cross, basic_altar
D:3:      layout_basic, mainiacjoe_overflow_concentric_impassable, serial_shops,
          shop
D:4:      layout_rooms, nicolae_qazlal_eye_of_the_storm,
          minmay_a_box_with_orc_wizards_in_it, uniq_duvessa
D:5:      layout_cave_pods, tso_oasis_becter, mainiacjoe_overflow_paths,
          mainiacjoe_overflow_chevrons, nicolae_goblin_pals
D:6:      layout_loops_corners, minmay_temple_entry_proselytizer,
          hellmonk_guarded_unrand_lears
D:7:      layout_basic, gammafunk_temple_overflow_claw, uniq_maurice
D:8:      layout_basic, st_stairs_8
D:9:      layout_basic, cheibriados_altar_1, general_overflow_altar,
          chequers_temple_overflow_statue_of_worship,
          nicolae_figureground_sparkle, uniq_amaemon, uniq_joseph
D:10:     layout_basic, grunt_decor_arrowhead
D:11:     minmay_the_grid_octo_tiled_octocenter_mashed
          [minmay_the_grid_octo_shrine, minmay_the_grid_octo_focus,
          minmay_the_grid_octo_checkered, minmay_the_grid_octo_toaster,
          minmay_the_grid_octo_prize_ultimate_mussel_roller,
          minmay_the_grid_square_5x5_percent,
          minmay_the_grid_square_5x5_two_small,
          minmay_the_grid_square_5x5_spiral_small,
          minmay_the_grid_square_5x5_half_checkered], layout_irregular_city,
          portal_ice_cave_entry_imps
D:12:     layout_stronghold, david_orc_1_choice,
          gammafunk_ghost_wrathful_warriors, serial_bayou, serial_bayou_pond_e,
          serial_bayou_shore_a, serial_bayou_lake_a, serial_bayou_pond_b,
          serial_park_tiny_pond, roadster_trireme
D:13:     layout_loops_ring, kennysheep_orc_sif_temple, uniq_urug
D:14:     layout_gridville, hangedman_vaults_entry_quadrant_bands,
          minmay_tree_intersection, gauntlet_entry_generic
D:15:     grunt_enter_depths_snipers, layout_basic, palyth_stone_intersect,
          minivault_24, minmay_st_funbox, uniq_josephine, uniq_louise,
          uniq_azrael
Temple:   compressed_dpeg_circular_temple
Lair:1:   dreamdust_isle_of_ice, layout_loops_ring,
          nicolae_volcano_entry_vermiform, grunt_megastairs_2
Lair:2:   layout_regular_city, nicolae_shoals_entry_roost,
          guppyfry_snake_entry_garden
Lair:3:   layout_regular_city, serial_forest, infiniplex_forest_zigzag_1,
          infiniplex_forest_lined_room_2, infiniplex_forest_clump_long,
          infiniplex_forest_end_3, infiniplex_forest_straight_4,
          infiniplex_forest_lined_room_2, infiniplex_forest_clump_curved,
          infiniplex_forest_clump_long, infiniplex_forest_end_2
Lair:4:   layout_loops_ring, gammafunk_lair_bear_cave, grunt_megastairs_4,
          uniq_kirke
Lair:5:   evil_forest, layout_gridlike, minmay_slime_entry_pillars, ice2_lemuel,
          infiniplex_staircase_pool_2
Shoals:1: cheibrodos_shoals_oceanic_diplomacy, layout_shoals, serial_shops,
          bzr_in_the_mist
Shoals:2: layout_shoals, abandoned_shop, regret_index_shoals_crete
Shoals:3: layout_shoals, gammafunk_ghost_cemetery, nicolae_splish_splash
Shoals:4: shoals_end_simple, layout_shoals, shoal_ilsuiw,
          nicolae_shoals_lost_giant_pillars, uniq_polyphemus, uniq_nikola
Snake:1:  layout_misc_corridors, special_room, nicolae_snake_gridmaze_swirls,
          minmay_shoptagon, uniq_roxanne
Snake:2:  layout_honeycomb, st_stairs_10
Snake:3:  layout_chambers, drop_trap, serial_bayou_shore_b,
          nicolae_triple_integral, uniq_donald, uniq_aizul
Snake:4:  minmay_snake_end_coiled, layout_cave_town, drop_trap, uniq_mlioglotl
Orc:1:    layout_caves, serial_shops, shop
Orc:2:    st_orc_open, layout_caves
Elf:1:    layout_loops_corners, enter_trove_0, serial_shops, shop,
          nicolae_elf_shapeshifter_party, minivault_5, grunt_megastairs_3
Elf:2:    nicolae_elf_blades_splatter_lattice
          [nicolae_blade_entry_floor_patterns], layout_rooms, serial_shops,
          nicolae_shop_back_alley_shop, minivault_28, minmay_shop_grove
Elf:3:    minmay_elf_hall_circle, layout_geoelf_octagon, serial_shops,
          nicolae_shop_just_a_little_nook
Vaults:1: hangedman_vaults_locks, nicolae_vaults_weapon_check,
          nicolae_vaults_little_squares_3, nicolae_vaults_murder_corner,
          vaults_mumra_hexcomb, nicolae_vaults_variable_pillar_hall,
          nicolae_vaults_tetromino_L_2, ontoclasm_vaults_twist,
          nicolae_vaults_mini_display_case, layout_vaults_omnigrid
Vaults:2: v_rooms_1, vaults_room_boxed, nicolae_vaults_storage_room_glass,
          nicolae_vaults_mitosis, v_alt_pattern_2,
          nicolae_vaults_hallways_thing, nicolae_vaults_sesquioval_fish,
          nicolae_vaults_house_3, minmay_crypt_entry_simple_sparse,
          layout_vaults_omnicross, serial_shops, shop
Vaults:3: nicolae_vaults_network_square, nicolae_vaults_tetromino_Z_2,
          nicolae_vaults_surprise_closet_hard,
          nicolae_vaults_trapezoid_lopsided_4, v_misc_32, v_alt_pattern_5,
          ontoclasm_vaults_eye, nicolae_vaults_apartment_2,
          vaults_room_door_hall, ontoclasm_vaults_loading_screen,
          ontoclasm_vaults_chip, nicolae_vaults_trapezoid_lopsided_4,
          nicolae_vaults_diagonal_hallway_7, nicolae_vaults_trapezoid_layered,
          nicolae_vaults_tangram_2, vaults_mumra_lcd, layout_vaults_maze_snakey,
          uniq_mennas, uniq_frederick
Vaults:4: nicolae_vaults_trapezoid_4, gammafunk_sealed_library,
          ontoclasm_vaults_loading_screen, hangedman_vaults_trim,
          nicolae_vaults_storage_room_water, nicolae_vaults_network_barrier,
          nicolae_vaults_shelves_hall, ontoclasm_vaults_shuriken,
          nicolae_vaults_storage_closets_1, nicolae_vaults_tetromino_Z_1,
          vaults_mumra_hex, nicolae_vaults_trapezoid_3,
          layout_vaults_chaotic_city, serial_shops,
          nicolae_shop_bloodbath_and_beyond
Vaults:5
Depths:1: layout_roguey, enter_ziggurat_c, minmay_room_of_horrors,
          nicolae_figureground_pulse, pf_coc_iceberg,
          nicolae_dithmenos_the_darkroom
Depths:2: kennysheep_ambush_hall, layout_cave_pools, abyss_entry, hellmouth_1,
          biasface_ghost_demon_polymorph, pan_entry, minmay_staircase_bubble
Depths:3: kennysheep_bubble_arena, layout_gridlike,
          abyss_entry_small_statue_room, hell_entry, infiniplex_staircase_river
Depths:4: evilmike_zot_entry_gauntlet, layout_gridville, special_room
          [special_room_morgue], chequers_serial_rivers_micro_d, hell_entry,
          rand_demon_pan_entry_3, grunt_megastairs_5
Zot:1:    kennysheep_room_grid, layout_onion_interference
Zot:2:    gammafunk_its_a_trap, layout_twisted_circle
Zot:3:    layout_misc_corridors, grunt_megastairs_1
Zot:4:    layout_cathedral_of_symmetry
Zot:5:    layout_cellular_growth

Skill      XL: |  1  2  3  4  5  6  7  8  9 10 11 12 13 14 15 16 17 18 19 20 21 22 23 24 25 26 27 |
---------------+----------------------------------------------------------------------------------+-----
Fighting       | 4 5 6 7 8 10 12 13 14 15 16 17 18 20 21 22 23 | 23.0
Invocations    | 1 3 4 6 8 10 11 12 13 14 15 18 19 20 | 20.4
Throwing       | 1 |  1.0
Stealth        | 1 2 3 4 6 8 9 10 11 12 | 12.0
Axes           | 4 6 8 10 12 14 16 18 19 21 24 25 27 | 27.0
Dodging        | 1 5 6 7 8 9 10 11 12 13 14 | 14.0
Armour         | 4 7 9 10 12 13 15 16 20 22 23 24 25 | 25.2
Evocations     | 1 4 |  4.0
Necromancy     | 6 9 10 | 10.0
Spellcasting   | 5 6 |  6.0
Translocations | 1 2 4 |  4.5
Earth Magic    | 1 2 6 |  6.0
Maces & Flails | |  2.4
Shields        | |  3.2

Action                     |  1- 3 |  4- 6 |  7- 9 | 10-12 | 13-15 | 16-18 | 19-21 | 22-24 | 25-27 || total
---------------------------+-------+-------+-------+-------+-------+-------+-------+-------+-------++-------
  Melee: Flail             |    93 |    82 |   153 |       |       |       |       |       |       ||   328
         Headbutt          |       |     3 |    48 |    79 |   138 |    21 |       |       |       ||   289
         War axe           |       |       |    97 |   143 |       |       |       |       |       ||   240
         Demon whip        |       |       |       |   207 |       |       |       |       |       ||   207
         Battleaxe         |       |       |       |    27 |   607 |   141 |       |       |       ||   775
         Broad axe         |       |       |       |       |       |   570 |   923 |    37 |    61 ||  1591
         Executioner's axe |       |       |       |       |       |       |   281 |  1192 |   494 ||  1967
  Throw: Dart              |       |    19 |    43 |    27 |     4 |    13 |    10 |     7 |       ||   123
         Javelin           |       |       |       |     3 |       |       |     7 |       |       ||    10
   Cast: Fugue of the Fall |       |       |       |       |       |       |       |     9 |    10 ||    19
         Passwall          |       |       |       |       |       |       |       |     2 |     1 ||     3
         Blink             |       |       |       |       |       |       |       |       |     3 ||     3
 Invoke: Stomp             |       |       |     4 |     7 |     2 |     3 |     6 |     5 |     2 ||    29
         Line Pass         |       |       |       |     1 |     1 |     1 |     6 |     8 |       ||    17
         Grand Finale      |       |       |       |       |     1 |     8 |     3 |     4 |     5 ||    21
  Evoke: Wand              |       |       |    11 |    38 |    34 |     4 |     8 |     9 |     9 ||   113
         Lightning rod     |       |       |       |       |     1 |     7 |    17 |     5 |     7 ||    37
         Box of beasts     |       |       |       |       |       |       |     2 |       |     1 ||     3
         Tin of tremorston |       |       |       |       |       |       |       |     2 |     2 ||     4
         Phantom mirror    |       |       |       |       |       |       |       |       |     1 ||     1
    Use: Potion            |     3 |     4 |     4 |     4 |     5 |    13 |     9 |     5 |    13 ||    60
         Scroll            |     4 |     3 |     6 |     5 |     3 |    15 |    12 |     7 |     7 ||    62
   Stab: Paralysed         |     1 |     1 |    10 |    44 |    88 |   122 |   197 |   212 |    55 ||   730
         Invisible         |       |       |     7 |    11 |    34 |    25 |    25 |    44 |    15 ||   161
         Distracted        |       |       |       |       |     1 |       |     2 |       |       ||     3
         Petrified         |       |       |       |       |       |     4 |       |       |       ||     4
         Confused          |       |       |       |       |       |     2 |     4 |     3 |       ||     9
         Petrifying        |       |       |       |       |       |     1 |       |       |       ||     1
 Armour: Scale mail        |    66 |    29 |       |       |       |       |       |       |       ||    95
         Chain mail        |       |    27 |   223 |   351 |   485 |   301 |       |       |       ||  1387
         Plate armour      |       |       |       |       |     8 |   271 |   850 |       |       ||  1129
         Crystal plate arm |       |       |       |       |       |       |   165 |  1068 |   578 ||  1811
  Dodge: Dodged            |    37 |    35 |   168 |   254 |   504 |   371 |   685 |  1009 |   324 ||  3387
  Block: Buckler           |    23 |    21 |    70 |    89 |       |    66 |    74 |       |       ||   343
         Other             |       |       |       |       |     7 |       |       |       |       ||     7

Table legend: (Time is in decaauts)
 A = Elapsed time spent in this place.
 B = Non-inter-level travel time spent in this place.
 C = Inter-level travel time spent in this place.
 D = Time resting spent in this place.
 E = Time spent auto-exploring this place.
 F = Levels seen in this place.
 G = Mean time per level.
                   A        B        C        D        E       F      G
               +--------+--------+--------+--------+--------+-----+--------+
         Total |  50525 |  44888 |   5637 |    634 |  31850 |  52 |  971.6 |
       Dungeon |  17638 |  15347 |   2291 |    261 |  11622 |  15 | 1175.9 |
        Temple |      1 |      1 |      0 |      0 |      0 |   1 |    1.0 |
          Lair |   5951 |   5070 |    881 |      4 |   3705 |   5 | 1190.2 |
        Shoals |   3317 |   3019 |    298 |     12 |   1865 |   4 |  829.2 |
     Snake Pit |   4039 |   3747 |    292 |      4 |   2663 |   4 | 1009.8 |
  Orcish Mines |   1687 |   1399 |    288 |      0 |   1157 |   2 |  843.5 |
   Elven Halls |   3077 |   2738 |    339 |      0 |   1950 |   3 | 1025.7 |
        Vaults |   3722 |   3513 |    209 |      4 |   2116 |   5 |  744.4 |
        Depths |   4680 |   4085 |    595 |     80 |   2919 |   4 | 1170.0 |
           Zot |   5126 |   4684 |    442 |    268 |   3025 |   5 | 1025.2 |
        Bazaar |    167 |    167 |      0 |      0 |    111 |   1 |  167.0 |
      Ice Cave |    262 |    262 |      0 |      0 |    140 |   1 |  262.0 |
       Volcano |    534 |    534 |      0 |      0 |    411 |   1 |  534.0 |
      Gauntlet |    318 |    318 |      0 |      0 |    165 |   1 |  318.0 |
               +--------+--------+--------+--------+--------+-----+--------+

Top non-repeatable levels by time:
    D:11: 2083 daAuts
    D:12: 1990 daAuts
Depths:4: 1559 daAuts
Vaults:4: 1492 daAuts
     D:5: 1478 daAuts
  Lair:1: 1472 daAuts
    D:14: 1433 daAuts
Vaults:5: 1383 daAuts
     D:9: 1349 daAuts
   Zot:2: 1268 daAuts
  Lair:5: 1224 daAuts
   Elf:1: 1211 daAuts
    D:13: 1202 daAuts
  Lair:2: 1178 daAuts
 Snake:3: 1173 daAuts
